 Dungeon Crawl Stone Soup version 0.15.2 (webtiles) character file.

705 Heini the Covered (level 7, -2/64 HPs)
             Began as a Minotaur Fighter on Feb 7, 2015.
             Slain by an ogre
             ... wielding a +0 giant spiked club
              (8 damage)
             ... on Level 5 of the Dungeon.
             The game lasted 00:09:25 (3635 turns).

Heini the Covered (Minotaur Fighter)                Turns: 3635, Time: 00:09:26

HP  -2/64        AC  9     Str 22      XL: 7   Next: 39%
MP   3/3         EV 12     Int  5      God:
Gold 254         SH 10     Dex 15      Spells:  0 memorised,  6 levels left

rFire  . . .     SeeInvis .     i - +4 morningstar (curse)
rCold  . . .     Clarity  .     b - +0 scale mail
rNeg   . . .     rCorr    .     c - +0 shield
rPois  .         rRot     .     k - +1 hat
rElec  .         Spirit   .     (no cloak)
SustAb .         Warding  .     (no gloves)
rMut   .         Stasis   .     (no boots)
Gourm  .                        (no amulet)
MR     .....                    (no ring)
                                (no ring)

@: agile, not resistant to hostile enchantments, very unstealthy
A: retaliatory headbutt, horns 2
a: no special abilities


You were on level 5 of the Dungeon.
You were hungry.

You visited 1 branch of the dungeon, and saw 5 of its levels.

You collected 254 gold pieces.

Inventory:

Hand weapons
 i - a cursed +4 morningstar (weapon)
Armour
 b - a +0 scale mail (worn)
 c - a +0 shield (worn)
 k - a +1 hat (worn)
Magical devices
 r - a wand of polymorph (0)
Comestibles
 d - 5 bread rations
 l - a beef jerky
 n - a meat ration
 p - a slice of pizza
Scrolls
 o - a scroll of remove curse
 q - a scroll of fear
Potions
 a - a potion of degeneration {unknown}
 e - 2 potions of might
 h - a potion of resistance {unknown}
 m - a potion of brilliance {unknown}


   Skills:
 * Level 6.4 Fighting
 * Level 5.3 Maces & Flails
 * Level 7.5 Armour
 - Level 3.6 Shields


You had 6 spell levels left.
You didn't know any spells.

Dungeon Overview and Level Annotations

Branches:
Dungeon (5/15)
 Temple: D:4-7

Altars:
The Shining One

Shops:
D:5 (


Innate Abilities, Weirdness & Mutations

You reflexively headbutt those who attack you in melee.
You have a pair of horns on your head.


Message History

You feel sick.
* * * LOW HITPOINT WARNING * * *
You feel sick.
* * * LOW HITPOINT WARNING * * *
You feel sick.
* * * LOW HITPOINT WARNING * * *
You feel sick.
* * * LOW HITPOINT WARNING * * *
You feel sick. The scorpion misses you.
* * * LOW HITPOINT WARNING * * *
You feel sick.
Drink which item? (? for menu, Esc to quit)
You feel better. You block the scorpion's attack. The scorpion stings you!
* * * LOW HITPOINT WARNING * * *
All of the chunks of flesh in your inventory have rotted away.
The scorpion stings you.
* * * LOW HITPOINT WARNING * * *
The ogre hits you with a giant spiked club!
You die...

.......#.#.........>......
.......#.#.......##..<...#
.......#.#.......###.....#
########.######### #....)#
#.# #.# ###.#)) #.# #.#
#.### #.### #.# #.# #.:.#
#.# #.# ##@.# #.# #.#
#.O#####.## ..#
#..s......# ###
#.#.#..##.# # #.##.#.##.#
#. #.##.#..#.# # . #.
####.##.#.#.#.# .
#.##.#.#.#.## ..##.#.#.#.#


You could see an ogre and a scorpion.

Vanquished Creatures
  Menkaure (D:4)
  A phantom (D:4)
  An ogre (D:4)
  Sigmund (D:4)
  2 jellies (D:5)
  2 iguanas
  2 worker ants
  2 orc wizards
  2 gnolls (D:5)
  4 adders
  A worm (D:2)
  3 giant geckos
  8 orcs
  6 hobgoblins
  8 jackals
  An ooze (D:1)
  2 quokkas
  2 ball pythons
  8 bats
  2 giant cockroaches
  3 giant newts
  5 goblins
  11 kobolds
  10 rats
88 creatures vanquished.

Notes
Turn   | Place    | Note
--------------------------------------------------------------
     0 | D:1      | Heini, the Minotaur Fighter, began the quest for the Orb.
     0 | D:1      | Reached XP level 1. HP: 19/19 MP: 1/1
    67 | D:1      | Reached skill level 4 in Armour
    67 | D:1      | Reached XP level 2. HP: 20/27 MP: 1/1
   623 | D:2      | Reached XP level 3. HP: 29/34 MP: 2/2
  1258 | D:3      | Reached XP level 4. HP: 30/41 MP: 2/2
  1402 | D:3      | Found a glowing golden altar of the Shining One.
  1606 | D:3      | Reached skill level 5 in Armour
  1863 | D:4      | Reached skill level 5 in Fighting
  2241 | D:4      | Reached XP level 5. HP: 41/48 MP: 2/2
  2301 | D:4      | Noticed Menkaure
  2309 | D:4      | HP: 2/48 [Menkaure (10)]
  2310 | D:4      | Killed Menkaure
  2604 | D:4      | Reached XP level 6. HP: 51/56 MP: 3/3
  2614 | D:4      | Noticed Sigmund
  2652 | D:4      | Killed Sigmund
  2652 | D:4      | Reached skill level 6 in Armour
  3194 | D:4      | Noticed a phantom
  3198 | D:4      | Killed a phantom
  3198 | D:4      | Reached skill level 7 in Armour
  3198 | D:4      | Reached XP level 7. HP: 59/63 MP: 3/3
  3218 | D:4      | Reached skill level 5 in Maces & Flails
  3325 | D:5      | Entered Level 5 of the Dungeon
  3453 | D:5      | Found Husu's Weapon Boutique.
  3537 | D:5      | HP: 3/64 [ogre/giant spiked club (15)]
  3590 | D:5      | HP: 3/64 [poisoned by a scorpion]
  3592 | D:5      | HP: 1/64 [poisoned by a scorpion]
  3597 | D:5      | HP: 3/64 [scorpion (7)]
  3635 | D:5      | Slain by an ogre

Action                   |  1- 3 |  4- 6 |  7- 9 || total
-------------------------+-------+-------+-------++-------
Melee: Flail             |   125 |    60 |       ||   185
       Morningstar       |       |    34 |    30 ||    64
       Unarmed           |       |     6 |       ||     6
  Use: Scroll            |     5 |     2 |       ||     7
       Potion            |       |     1 |     3 ||     4
  Eat: Chunk             |     1 |     7 |       ||     8
